 Dungeon Crawl Stone Soup version 0.29-a0-1042-g87b1fcd763 (webtiles) character file.

Game seed: 4111505744682907309

111582 tilp the Lord of Darkness (level 16, -16/129 HPs)
             Began as a Mummy Necromancer on Aug 14, 2022.
             Was the Champion of Kikubaaqudgha.
             Demolished by a culicivora (18 damage)
             ... on level 2 of the Lair of Beasts on Aug 15, 2022.
             The game lasted 01:26:54 (30003 turns).

tilp the Lord of Darkness (Mummy Necromancer)      Turns: 30003, Time: 01:26:54

Health: -16/129    AC: 15    Str: 11    XL:     16   Next: 9%
Magic:  23/32      EV: 14    Int: 23    God:    Kikubaaqudgha [******]
Gold:   2508       SH:  0    Dex: 13    Spells: 5/39 levels left

rFire   + + .      SeeInvis .   b - staff of death
rCold   + + +      Faith    .   g - +0 buckler
rNeg    + + +      Spirit   .   P - +2 robe {rC+ rF+}
rPois   ∞          Reflect  .   h - +2 helmet of Distant Shores {rCorr Stlth+}
rElec   .          Harm     .   s - +1 cloak of Aloolest {rPois Str+3}
rCorr   +          Rampage  .   N - +1 pair of gloves "Yfoud" {rF+ rC+ Str-5 Int+3}
Will    ++...                   Z - +2 pair of boots
Stlth   ++........              q - amulet of magic regeneration
HPRegen 0.31/turn               F - ring of fire
MPRegen 0.63/turn               J - ring "Yfeip" {+Blink rC+ rN++ rCorr}

@: confused, death channelling, animating dead, studying 2 skills
A: cold resistance 1, negative energy resistance 3, torment resistance 2, heat
vulnerability 1, in touch with death 2, no potions
a: Renounce Religion, Evoke Blink, Unearth Wretches, Torment


You were on level 2 of the Lair of Beasts.
You worshipped Kikubaaqudgha.
Kikubaaqudgha was exalted by your worship.
You visited 5 branches of the dungeon, and saw 24 of its levels.
You also visited: Bailey, Gauntlet, Ice Cave and Volcano.

You collected 4075 gold pieces.
You spent 1567 gold pieces at shops.

Inventory:

Hand Weapons
 a - a +2 flail of draining
Missiles
 c - 80 poisoned darts (quivered)
 k - a silver boomerang
 o - 15 boomerangs
 v - 3 boomerangs of dispersal
 A - 3 throwing nets
 D - 5 curare-tipped darts
 Y - 14 javelins
Armour
 g - a +0 buckler (worn)
 h - the +2 helmet of Distant Shores (worn) {rCorr Stlth+}
   (You bought it in a shop on level 1 of the Dungeon)

   rCorr:     It protects you from acid and corrosion.
   Stlth:     It makes you more stealthy.
 j - the +0 pair of boots of Submission {Will+ Int+4}
   (You found it in an ice cave)

   Int:       It affects your intelligence (+4).
   Will:      It increases your willpower.
 s - the +1 cloak of Aloolest (worn) {rPois Str+3}
   (You found it in a Gauntlet)

   Str:       It affects your strength (+3).
   rPois:     It protects you from poison.
 w - the +1 robe of Divine Compulsion {rCorr Int+2}
   (You found it on level 2 of the Dungeon)

   Int:       It affects your intelligence (+2).
   rCorr:     It protects you from acid and corrosion.
 E - a +0 pair of gloves of dexterity
 N - the +1 pair of gloves "Yfoud" (worn) {rF+ rC+ Str-5 Int+3}
   (You acquired it on level 11 of the Dungeon)

   Str:       It affects your strength (-5).
   Int:       It affects your intelligence (+3).
   rF:        It protects you from fire.
   rC:        It protects you from cold.
 O - a scarf of repulsion
 P - a +2 robe of resistance (worn)
 R - the +0 hat of Ignis's Pride {*Corrode +Blink rPois rF+}
   (You found it on level 4 of the Lair of Beasts)

   rF:        It protects you from fire.
   rPois:     It protects you from poison.
   +Blink:    It lets you blink.
   *Corrode:  It may corrode you when you take damage.
 X - a +2 pair of gloves
 Z - a +2 pair of boots (worn)
Magical Staves
 b - a staff of death (weapon)
Jewellery
 e - a +6 ring of dexterity
 q - an amulet of magic regeneration (around neck)
 C - a +4 ring of evasion
 F - a ring of fire (left hand)
 G - a ring of wizardry
 H - an amulet of regeneration
 J - the ring "Yfeip" (right hand) {+Blink rC+ rN++ rCorr}
   (You found it on level 9 of the Dungeon)

   [ring of protection from cold]

   rC:        It protects you from cold.
   rN:        It greatly protects you from negative energy.
   +Blink:    It lets you blink.
   rCorr:     It protects you from acid and corrosion.
 K - a +4 ring of protection
 W - a ring of flight
Wands
 l - a wand of charming (20)
 z - a wand of mindburst (19)
 B - a wand of flame (36)
 L - a wand of roots (9)
 S - a wand of polymorph (11)
 U - a wand of quicksilver (11)
Scrolls
 d - 4 scrolls of silence
 f - 4 scrolls of blinking
 i - 6 scrolls of teleportation
 m - 8 scrolls of amnesia
 p - 5 scrolls of immolation
 t - 3 scrolls of enchant weapon
 u - 2 scrolls of fear
 x - 2 scrolls of brand weapon
 y - 3 scrolls of vulnerability
 M - a scroll of poison
 Q - a scroll of summoning
 T - 4 scrolls of butterflies
Miscellaneous
 n - a lightning rod (4/4)
 r - a piece from Xom's chessboard (15/15)
 I - a phial of floods
 V - a box of beasts


   Skills:
 * Level 12.7 Fighting
 + Level 5.6 Staves
 - Level 4.0 Armour
 - Level 6.0 Dodging
 - Level 4.0 Stealth
 - Level 4.0 Shields
 + Level 12.2 Spellcasting
 + Level 9.1 Hexes
 + Level 2.3 Summonings
 + Level 15.9 Necromancy
 + Level 7.1 Earth Magic
 - Level 6.0 Evocations


You had 5 spell levels left.
You knew the following spells:

 Your Spells              Type           Power      Damage    Failure   Level
a - Necrotise             Necr           100%       1d9       0%          1
b - Vampiric Draining     Necr           100%       2d13      1%          3
c - Animate Dead          Necr           100%       N/A       1%          4
d - Anguish               Hex/Necr       63%        N/A       1%          4
e - Dispel Undead         Necr           100%       3d31      1%          4
f - Death Channel         Necr           69%        N/A       1%          6
g - Borgnjor's Vile Clut  Necr/Erth      61%        N/A       1%          5
h - Haunt                 Necr/Summ      56%        N/A       75%         7

Your spell library contained the following spells:

 Spells                   Type           Power      Damage    Failure   Level
 Agony                    Necr           100%       N/A       1%          5
 Corpse Rot               Necr/Pois/Air  92%        N/A       6%          4
 Petrify                  Tmut/Erth      30%        N/A       13%         4
 Frozen Ramparts          Ice            28%        1d5       17%         3
 Gell's Gravitas          Tloc           14%        N/A       17%         3
 Ignite Poison            Fire/Tmut/Pois 21%        N/A       17%         3
 Mephitic Cloud           Conj/Pois/Air  14%        N/A       17%         3
 Teleport Other           Tloc           14%        N/A       17%         3
 Summon Ice Beast         Ice/Summ       19%        N/A       34%         4
 Alistair's Intoxication  Tmut/Pois      9%         N/A       85%         5
 Freezing Cloud           Conj/Ice/Air   7%         6-21      85%         5
 Irradiate                Conj/Tmut      7%         3d14      85%         5
 Infestation              Necr           69%        N/A       47%         8
 Dispersal                Tloc           7%         N/A       100%        6
 Eringya's Noxious Bog    Tmut/Pois      7%         N/A       100%        6
 Malign Gateway           Summ/Tloc      9%         N/A       100%        7
 Summon Horrible Things   Summ           12%        N/A       100%        8
 Sublimation of Blood     Necr           Unusable   N/A       N/A         2
 Ice Form                 Ice/Tmut       Unusable   N/A       N/A         4

Dungeon Overview and Level Annotations

Branches:
Dungeon (15/15)            Temple (1/1) D:6            Lair (5/5) D:8
  Swamp (0/4) Lair:3       Spider (1/4) Lair:2        Slime (0/5) Lair:5
    Orc (2/2) D:11            Elf (0/3) Orc:2        Vaults (0/5) D:14
 Depths (0/4) D:15         Bailey (visited)           IceCv (visited)
Volcano (visited)         Gauntlet (visited)

Altars:
Ashenzari
Cheibriados
Dithmenos
Fedhas
Gozag
Hepliaklqana
Kikubaaqudgha
Makhleb
Nemelex Xobeh
Okawaru
Qazlal
Ru
Sif Muna
Trog
Uskayaw
Vehumet
Wu Jian
Xom
Yredelemnul

Shops:
D:1 *   D:7 *   D:10 !   D:14 (   Orc:1 (   Orc:2 !![*(

Annotations:
Lair:5 1 runed translucent door


Innate Abilities, Weirdness & Mutations

You are immune to poison.
Your flesh is cold resistant. (rC+)
You are immune to negative energy. (rN+++)
You are immune to unholy pain and torment.
You are vulnerable to heat. (rF-)
You are strongly in touch with the powers of death.
You do not drink.


Message History

Unknown command.
Unknown command.
Unknown command.
Unknown command.
You are too confused!
You are too confused!
Unknown command.
Are you sure you want to stumble around while confused and next to your culicivora zombie?
You hit the tarantella.
The tarantella writhes in agony!!
You kill the tarantella!
Kikubaaqudgha accepts your kill.
The dead are crawling!
A glowing mist starts to gather...
The tarantella's wounds heal themselves!
The tarantella touches you but does no damage.
Your culicivora zombie misses the wolf spider.
Unknown command.
Unknown command.
Unknown command.
Unknown command.
Unknown command.
Okay, then.
Are you sure you want to stumble around while confused and next to your culicivora zombie?
You miss your culicivora zombie.
The wolf spider hits you but does no damage.
The wolf spider bites you.
* * * LOW HITPOINT WARNING * * *
The wolf spider is wracked by anguish.
The tarantella touches you but does no damage.
The culicivora bites you but does no damage.
Your spectral culicivora bites the culicivora but does no damage.
Your spectral tarantella hits the wolf spider!
Your spectral tarantella drains the wolf spider.
The culicivora zombie bites you but does no damage.
The wolf spider hits your spectral tarantella.
The wolf spider is wracked by anguish.
The wolf spider barely misses your spectral tarantella.
Your tarantella zombie hits the tarantella!
The culicivora bites you!!
You die...
Kikubaaqudgha rasps: "You have failed me!
Welcome... oblivion!"

# ##........#...P.>..## ##ZZ... #
##.......P.........# #...... #
###.........#....## ##..... #
##.........P....# #..... #
#P.....~~~.P....# #..... #
##.....~~~.~~~..## #..... #
##....~.~~.~~.~..# #.....
######...>.~~.Z.Z.~~..#### #.....
...........~~~.s@Z~~.###P###.....
.##.#####......ss................
.#### ##..~~~Z..~~~.............
## #...~~.~.~.~~.#........... #
##..~.~~.~~.~.##.##.#..### ##
#....~~~.~~~.~##..#######. .#
###.....~.#...##P..# ## ##
#.......P~...####.## # P#
##......##....###.## #


You could see a wolf spider (distracted, drained, ally target, anguished), a
culicivora (anguished), a tarantella (ally target, anguished), a culicivora
zombie, a friendly spectral tarantella, a friendly spectral culicivora and a
friendly tarantella zombie.

Vanquished Creatures
  Jorgrun (Orc:1)
  Kirke (D:15)
  A hydra (D:12)
  5 boulder beetles
  A centaur warrior (D:15)
  3 two-headed ogres
  An ironbound frostheart (IceCv)
  A death knight (D:14)
  2 dancing weapons (D:14)
  2 tengu warriors (D:14)
  5 death yaks
  2 orc high priests (Orc:2)
  3 wizards (D:15)
  A necromancer (D:15)
  4 cyclopes
  7 ugly things
  2 manticores (D:14)
  6 elephants
  A black mamba (Lair:3)
  An ice statue (IceCv)
  2 centaur skeletons (D:15)
  A gargoyle (D:12)
  4 torpor snails (Lair:5)
  6 komodo dragons
  A freezing wraith (D:15)
  A kobold demonologist (D:8)
  4 rime drakes
  3 cane toads
  A yaktaur (D:15)
  4 trolls
  2 tyrant leeches (Lair:5)
  A tarantella (Lair:2)
  2 blink frogs (Lair:2)
  2 hornets (Lair:5)
  7 polar bears
  A vampire (D:11)
  A spriggan (Bailey)
  2 shadows
  A centaur simulacrum (D:15)
  A fire bat (shapeshifter) (D:8)
  18 yaks
  A wraith (D:11)
  Eustachio (D:5)
  A wyvern (Lair:3)
  A water elemental (D:13)
  A redback (Lair:2)
  A steam dragon (Volcano)
  4 vampire mosquitoes (D:12)
  A warg (Orc:2)
  2 acid dragons
  A swamp worm (Lair:4)
  2 hell hounds
  4 water moccasins
  13 orc warriors
  A sky beast (D:8)
  4 black bears (Lair:5)
  8 ogres
  12 wolves
  6 centaurs
  4 phantoms
  Blork the orc (D:5)
  5 kobold brigands
  2 bullfrogs
  A gnoll sergeant (D:11)
  4 scorpions
  11 wights
  4 killer bees
  2 electric eels
  4 howler monkeys
  A lava snake (Volcano)
  2 jellies
  10 orc priests
  3 gnoll boudas
  4 hounds
  Jessica (D:2)
  4 iguanas
  A boggart zombie (D:15)
  17 orc wizards
  27 gnolls
  4 adders
  A river rat (Lair:4)
  A shadow imp (D:7)
  3 ufetubi
  A worm (D:5)
  2 dart slugs
  53 orcs
  2 ball pythons (D:1)
  7 endoplasms
  4 giant cockroaches
  10 goblins
  6 hobgoblins
  3 jackals (D:3)
  7 quokkas
  8 bats
  4 frilled lizards
  15 kobolds
  6 rats
  A butterfly (Lair:2)
425 creatures vanquished.

Vanquished Creatures (collateral kills)
  Gastronok (Lair:1)
  2 boulder beetles
  A two-headed ogre (D:11)
  8 death yaks
  An orc high priest (Orc:2)
  A slime creature (D:14)
  An orc knight (Orc:2)
  A cyclops (D:13)
  4 orc sorcerers
  4 ugly things
  A manticore (D:13)
  An elephant (Lair:5)
  2 komodo dragons (Lair:3)
  3 cane toads
  2 trolls
  2 blink frogs (Lair:2)
  4 polar bears
  A hornet (Lair:5)
  A raiju (shapeshifter) (D:13)
  A raiju (Lair:5)
  A centaur simulacrum (D:13)
  A spriggan (Bailey)
  2 basilisks
  22 yaks
  A fire bat (Volcano)
  A wyvern (D:8)
  A hog (D:15)
  A swamp worm (Lair:4)
  An acid dragon (D:8)
  A warg (Lair:5)
  A water moccasin (Lair:3)
  3 hell hounds (Lair:5)
  6 black bears (Lair:5)
  4 orc warriors
  6 ogres
  An orc zombie (Orc:2)
  9 wolves
  3 bullfrogs
  A gnoll sergeant (D:11)
  A wight (D:10)
  A killer bee (D:10)
  A howler monkey (D:12)
  A lava snake (Volcano)
  6 orc priests
  A black bear zombie (Lair:5)
  5 orc wizards
  5 gnolls
  3 river rats (Lair:4)
  A white imp (D:13)
  An ufetubus (D:13)
  25 orcs
  A bat (D:3)
  A hobgoblin (D:3)
  A kobold (D:9)
  2 rats
  6 briar patches (Lair:4)
  2 bushes (Lair:5)
172 creatures vanquished.

Vanquished Creatures (others)
  Frances (D:14)
  An orc warlord (Orc:1)
  An eleionoma (Gauntlet)
  A minotaur (Gauntlet)
  An entropy weaver (Gauntlet)
  2 fire dragons
  2 hydras (D:14)
  A catoblepas (Lair:4)
  2 centaur warriors
  Erica (Lair:2)
  8 death yaks
  2 two-headed ogres
  An ironbound frostheart (IceCv)
  Urug (Lair:4)
  An orc high priest (Orc:2)
  A fire crab (Lair:5)
  5 lindwurms
  A wizard (D:15)
  3 orc knights (Orc:2)
  A deep elf pyromancer (D:15)
  A wolf spider (D:15)
  A wolf spider zombie (D:15)
  2 cyclopes
  An orc sorcerer (Orc:2)
  4 ugly thing zombies
  6 ugly things
  4 salamanders (Volcano)
  2 black mambas (Lair:4)
  A cane toad (shapeshifter) (D:15)
  3 elephants
  2 molten gargoyles (Volcano)
  3 cane toads
  A gargoyle (D:12)
  2 torpor snails (Lair:5)
  3 yaktaurs (D:15)
  A death yak zombie (Lair:5)
  2 komodo dragons
  2 trolls
  10 polar bears
  5 hornets (Lair:5)
  A tyrant leech (Lair:5)
  2 raiju (Lair:5)
  A slime creature (D:14)
  A jumping spider (Lair:2)
  21 yaks
  3 spriggans (Bailey)
  A wraith (D:8)
  2 wyverns
  A culicivora (Lair:2)
  4 fire bats (Volcano)
  4 steam dragons
  3 wargs (Lair:5)
  2 swamp worms (Lair:4)
  2 fire bat zombies (Volcano)
  2 water moccasins (Lair:3)
  3 cane toad zombies
  11 hell hounds
  2 black bears
  A hornet zombie (Lair:5)
  An ice beast (D:8)
  13 orc warriors
  4 ogres
  A manticore zombie (D:14)
  18 wolves
  3 kobold brigands
  A gnoll sergeant (D:11)
  5 hell hound zombies (Lair:5)
  A raiju zombie (Lair:5)
  2 water moccasin zombies (Lair:3)
  A troll zombie (D:10)
  A spriggan zombie (Bailey)
  9 polar bear zombies
  2 warg zombies (Lair:5)
  14 yak zombies
  4 killer bees (D:10)
  An electric eel (D:10)
  5 lava snakes (Volcano)
  16 wolf zombies
  3 black bear zombies (Lair:5)
  3 bullfrog zombies
  5 orc priests
  A gnoll bouda (Orc:1)
  3 hell rats (Lair:4)
  6 orc wizards
  A killer bee zombie (D:10)
  4 ogre zombies
  A hell rat zombie (Lair:4)
  3 howler monkey zombies (D:12)
  A gnoll (Bailey)
  32 orc zombies
  A steam dragon zombie (Volcano)
  5 lava snake zombies (Volcano)
  11 orcs
  A bat zombie (D:14)
  A goblin (D:13)
  2 river rat zombies (Lair:4)
  7 gnoll zombies
  5 kobold zombies
  A rat zombie (Lair:4)
  50 fungi
  110 plants
  3 withered plants (Gauntlet)
522 creatures vanquished.

Grand Total: 1119 creatures vanquished

Notes
Turn   | Place    | Note
-------+----------+-------------------------------------------
     0 | D:1      | tilp the Mummy Necromancer began the quest for the Orb.
     0 | D:1      | Reached XP level 1. HP: 13/13 MP: 4/4
   184 | D:1      | Found a faded altar of an unknown god.
   534 | D:1      | Reached XP level 2. HP: 20/20 MP: 3/5
   796 | D:1      | Reached skill level 1 in Fighting
   808 | D:1      | Found Ryepuirph's Assorted Antiques.
  1033 | D:1      | Gained mutation: You are in touch with the powers of death.
                  | [Mummy growth]
  1033 | D:1      | Reached XP level 3. HP: 26/26 MP: 4/7
  1523 | D:1      | Bought a scroll labelled BOUNUT CO HIT for 20 gold pieces
  1529 | D:1      | Learned a level 3 spell: Vampiric Draining
  1598 | D:2      | Identified the +1 robe of Divine Compulsion {rCorr Int+2}
  1618 | D:2      | Found a burning altar of Makhleb.
  1780 | D:2      | Noticed Jessica
  1785 | D:2      | Killed Jessica
  1786 | D:2      | Reached XP level 4. HP: 25/33 MP: 4/8
  1922 | D:2      | Identified 2 scrolls of acquirement
  1923 | D:2      | Acquired a book of Decay
  1925 | D:2      | Acquired 1142 gold pieces
  1966 | D:1      | Bought a steaming helmet for 190 gold pieces
  1966 | D:1      | Identified the +2 helmet of Distant Shores {rCorr Stlth+}
                  | (You bought it in a shop on level 1 of the Dungeon)
  1966 | D:1      | Bought a scroll labelled CASEZE ENEDORYS for 20 gold pieces
  1966 | D:1      | Bought a lightning rod (4/4) for 600 gold pieces
  2367 | D:3      | Noticed a phantom
  2374 | D:3      | Learned a level 4 spell: Dispel Undead
  2523 | D:3      | Reached skill level 5 in Necromancy
  2852 | D:3      | Reached skill level 1 in Evocations
  2852 | D:3      | Reached XP level 5. HP: 37/38 MP: 4/9
  3448 | D:4      | Noticed a centaur
  3472 | D:4      | Found an ornate altar of the Wu Jian Council.
  4175 | D:5      | Entered Level 5 of the Dungeon
  4176 | D:5      | Noticed a phantom
  4179 | D:5      | Reached skill level 6 in Necromancy
  4179 | D:5      | Reached XP level 6. HP: 44/44 MP: 7/10
  4348 | D:5      | Noticed Blork the orc
  4356 | D:5      | Killed Blork the orc
  4380 | D:5      | Reached XP level 7. HP: 52/52 MP: 3/12
  4449 | D:5      | Noticed Eustachio
  4468 | D:5      | You fall into a shaft and drop 2 floors!
  4678 | D:7      | Learned a level 4 spell: Animate Dead
  4681 | D:7      | Found Gaotha's Fire Supplies.
  4695 | D:7      | Bought a ring of fire for 400 gold pieces
  4951 | D:7      | Reached skill level 7 in Necromancy
  4970 | D:7      | Reached XP level 8. HP: 51/60 MP: 5/14
  5456 | D:6      | Reached skill level 5 in Spellcasting
  5541 | D:5      | Killed Eustachio
  5542 | D:5      | Reached skill level 8 in Necromancy
  6194 | D:6      | Reached XP level 9. HP: 66/66 MP: 12/18
  6367 | D:6      | Reached skill level 5 in Fighting
  6663 | D:6      | Found a burning altar of Makhleb.
  6748 | D:6      | Found a staircase to the Ecumenical Temple.
  7205 | Temple   | Entered the Ecumenical Temple
  7401 | Temple   | Became a worshipper of Kikubaaqudgha
  7599 | D:8      | Noticed a komodo dragon
  7939 | D:8      | Killed a komodo dragon
  7940 | D:8      | Reached skill level 9 in Necromancy
  7947 | D:8      | Noticed a komodo dragon
  7961 | D:8      | Killed a komodo dragon
  7975 | D:8      | Reached skill level 10 in Necromancy
  7979 | D:8      | Found a flagged portal.
  8023 | D:8      | Reached * piety under Kikubaaqudgha
  8023 | D:8      | Received a gift from Kikubaaqudgha
  8038 | Bailey   | Entered a bailey
  8378 | Bailey   | Learned a level 4 spell: Anguish
  8400 | Bailey   | Reached XP level 10. HP: 75/79 MP: 3/20
  8621 | Bailey   | Reached skill level 1 in Hexes
  8711 | Bailey   | Noticed a two-headed ogre
  8720 | Bailey   | Killed a two-headed ogre
  8965 | Bailey   | Identified the +3 ice dragon scales "Dauvieli" {Harm rElec
                  | rF- rC++ Will- Regen+}
  9257 | D:8      | Found a faded altar of an unknown god.
  9257 | D:8      | Found an iron altar of Okawaru.
  9263 | D:8      | Found a radiant altar of Vehumet.
  9265 | D:8      | Found a shimmering altar of Xom.
  9267 | D:8      | Found a faded altar of an unknown god.
  9351 | D:8      | Found a staircase to the Lair.
  9554 | D:8      | Found a sacrificial altar of Ru.
  9768 | D:8      | Noticed a rust devil
  9770 | D:8      | Noticed an orange demon
  9775 | D:8      | Noticed a soul eater
  9785 | D:8      | Reached ** piety under Kikubaaqudgha
  9810 | D:8      | Reached skill level 11 in Necromancy
 10227 | D:8      | Learned a level 6 spell: Death Channel
 10247 | D:9      | Reached XP level 11. HP: 67/86 MP: 6/24
 10497 | D:9      | Identified the ring "Yfeip" {+Blink rC+ rN++ rCorr}
 10519 | D:9      | Found a broken altar of Ashenzari.
 10899 | D:9      | Found a snail-covered altar of Cheibriados.
 11078 | D:10     | Entered Level 10 of the Dungeon
 11103 | D:10     | Reached skill level 12 in Necromancy
 11180 | D:10     | Reached *** piety under Kikubaaqudgha
 11180 | D:10     | Received a gift from Kikubaaqudgha
 11190 | D:10     | Reached skill level 1 in Armour
 11190 | D:10     | Reached skill level 1 in Shields
 11344 | D:10     | Noticed a two-headed ogre
 11349 | D:10     | Killed a two-headed ogre
 11443 | D:10     | Noticed a two-headed ogre
 11451 | D:10     | Killed a two-headed ogre
 11709 | D:10     | Found Lyvookyf's Distillery.
 12366 | D:10     | Learned a level 5 spell: Borgnjor's Vile Clutch
 12611 | D:11     | Found a staircase to the Orcish Mines.
 12644 | D:11     | Reached **** piety under Kikubaaqudgha
 12645 | D:11     | Reached skill level 5 in Hexes
 13021 | D:11     | Reached skill level 1 in Earth Magic
 13021 | D:11     | Reached XP level 12. HP: 49/94 MP: 14/25
 13236 | D:11     | Noticed a two-headed ogre
 13243 | D:11     | Killed a two-headed ogre
 13464 | D:11     | Noticed a two-headed ogre
 13474 | D:11     | Killed a two-headed ogre
 13521 | D:11     | Acquired the +1 pair of gloves "Yfoud" {rF+ rC+ Str-5
                  | Int+3}
 13811 | Lair:1   | Entered Level 1 of the Lair of Beasts
 13953 | Lair:1   | Noticed Gastronok
 13990 | Lair:1   | Killed Gastronok
 14364 | Lair:1   | Upgraded the game from 0.29-a0-1033-gb6c65ffae6 to
                  | 0.29-a0-1042-g87b1fcd763
 14819 | Lair:1   | Acquired a staff of death
 15138 | Lair:2   | Found a hole to the Spider Nest.
 15330 | Lair:2   | Noticed Erica
 15337 | Lair:2   | Killed Erica
 16117 | Lair:3   | Noticed a death yak
 16125 | Lair:3   | Killed a death yak
 16130 | Lair:3   | Reached skill level 1 in Staves
 16132 | Lair:3   | Noticed a death yak
 16132 | Lair:3   | Noticed a death yak
 16138 | Lair:3   | Noticed a death yak
 16141 | Lair:3   | Noticed a death yak
 16219 | Lair:3   | Killed a death yak
 16220 | Lair:3   | Reached skill level 5 in Dodging
 16220 | Lair:3   | Gained mutation: You are strongly in touch with the powers
                  | of death. [Mummy growth]
 16220 | Lair:3   | Reached XP level 13. HP: 101/101 MP: 4/26
 16224 | Lair:3   | Reached skill level 5 in Evocations
 16379 | Lair:3   | Reached skill level 13 in Necromancy
 16807 | Lair:3   | Found a staircase to the Swamp.
 16902 | Lair:3   | Reached skill level 10 in Spellcasting
 17520 | Lair:4   | Noticed Urug
 17524 | Lair:4   | Killed Urug
 17722 | Lair:4   | Found a transporter.
 18170 | Lair:4   | Found a transporter.
 18411 | Lair:5   | Entered Level 5 of the Lair of Beasts
 18459 | Lair:5   | Found a gate leading to a gauntlet.
 18471 | Gauntlet | Entered a Gauntlet
 18471 | Gauntlet | Found a transporter.
 18480 | Gauntlet | Found a transporter.
 18493 | Gauntlet | Found a transporter.
 18497 | Gauntlet | Found a transporter.
 18509 | Gauntlet | Found a transporter.
 18527 | Gauntlet | Found a transporter.
 18540 | Gauntlet | Found a transporter.
 18559 | Gauntlet | Found a transporter.
 18563 | Gauntlet | Found a transporter.
 18571 | Gauntlet | Found a transporter.
 18601 | Gauntlet | Found a transporter.
 18627 | Gauntlet | Found a transporter.
 18715 | Gauntlet | Identified the +1 cloak of Geah {Rampage rElec Dex-2}
 18747 | Gauntlet | Noticed a minotaur
 18755 | Gauntlet | Killed a minotaur
 18764 | Gauntlet | Identified the +1 cloak of Aloolest {rPois Str+3}
 19004 | Lair:5   | Found a dark tunnel.
 19023 | Volcano  | Entered a volcano
 19223 | Volcano  | Found a radiant altar of Vehumet.
 19234 | Volcano  | Reached skill level 10 in Fighting
 19243 | Volcano  | Noticed a fire dragon
 19248 | Volcano  | Killed a fire dragon
 19948 | Lair:5   | Reached ***** piety under Kikubaaqudgha
 20202 | Lair:5   | Reached XP level 14. HP: 97/111 MP: 0/28
 20215 | Lair:5   | Reached skill level 5 in Earth Magic
 21037 | Lair:5   | Found a runed translucent door.
 21037 | Lair:5   | Noticed an azure jelly
 21038 | Lair:5   | Noticed an azure jelly
 21039 | Lair:5   | Found a staircase to the Slime Pits.
 21039 | Lair:5   | Noticed an azure jelly
 21477 | Lair:5   | Found a runed translucent door.
 21749 | Lair:5   | Reached skill level 14 in Necromancy
 22617 | Orc:1    | Entered Level 1 of the Orcish Mines
 22832 | Orc:1    | Found Holont's Weapon Shoppe.
 22892 | Orc:2    | Entered Level 2 of the Orcish Mines
 22908 | Orc:2    | Found a staircase to the Elven Halls.
 23085 | Orc:2    | Reached ****** piety under Kikubaaqudgha
 23087 | Orc:2    | Received a gift from Kikubaaqudgha
 23333 | Orc:2    | Reached skill level 15 in Necromancy
 23352 | Orc:2    | Found Pivoarph's Distillery.
 23352 | Orc:2    | Found Xunweix's General Store.
 23354 | Orc:2    | Found Ughuca Joubb's Distillery.
 23354 | Orc:2    | Found Mehor's Antique Armour Emporium.
 23673 | Orc:2    | Found Nyatil's Weapon Shoppe.
 24253 | Orc:2    | Bought a pair of runed gloves for 202 gold pieces
 24255 | Orc:2    | Bought a runed leather armour for 135 gold pieces
 24553 | Orc:1    | Noticed Jorgrun
 24563 | Orc:1    | Killed Jorgrun
 24564 | Orc:1    | Reached XP level 15. HP: 118/118 MP: 18/30
 25584 | D:13     | Found a frozen archway.
 25621 | IceCv    | Entered an ice cave
 26062 | IceCv    | Identified the +0 pair of boots of Submission {Will+ Int+4}
 27138 | D:13     | Reached skill level 5 in Staves
 27229 | D:13     | Learned a level 7 spell: Haunt
 27259 | D:14     | Found Haimecze's Weapon Emporium.
 27579 | D:14     | Found a gate to the Vaults.
 27603 | D:14     | Noticed Frances
 27613 | D:14     | Killed Frances
 27614 | D:14     | Reached skill level 1 in Summonings
 28249 | D:15     | Entered Level 15 of the Dungeon
 28828 | D:15     | Identified the +6 war axe of the Gloaming {spect, rN+++
                  | MP-9 Dex+3 SInv}
 28910 | D:15     | Reached XP level 16. HP: 122/129 MP: 23/32
 29011 | D:15     | Found a staircase to the Depths.
 29135 | D:15     | Noticed Kirke
 29140 | D:15     | Killed Kirke
 29358 | D:15     | Found a basalt altar of Yredelemnul.
 29823 | Lair:4   | Identified the +0 hat of Ignis's Pride {*Corrode +Blink
                  | rPois rF+}
 29995 | Spider:1 | Entered Level 1 of the Spider Nest
 30001 | Lair:2   | HP: 6/129 [tarantella (7)]
 30003 | Lair:2   | HP: 2/129 [wolf spider (5)]
 30003 | Lair:2   | Demolished by a culicivora

Illustrated notes

Levels and vault maps discovered:
D:1:      nzn_arrival_water_spiral, layout_loops_cross, serial_shops,
          nicolae_shop_crystal, shapermc_ecumenical_altar_mp_ritualfount
D:2:      layout_basic, basic_altar, hangedman_abyss_or_decor_lesser_grid,
          kennysheep_jessica_study
D:3:      layout_loops_ring, minmay_increasing_density
D:4:      layout_basic, overflow_temple_1_default
D:5:      layout_cave_pools, uniq_eustachio, uniq_blork_the_orc
D:6:      nicolae_cairo_tiling, layout_basic, makhleb_blood_cavern_becter,
          minmay_temple_entry_poolview, minivault_1, roderic_lattice_a,
          chequers_mini_garden
D:7:      layout_rooms, serial_glass, glass_columns_a, glass_columns_a,
          nicolae_shop_fire_sale [nicolae_sub_dead_trees]
D:8:      layout_basic, lemuel_crystal_altar,
          chequers_temple_overflow_minitemple, grunt_lair_entry_orc_guard_hut,
          enter_bailey_5, chequers_serial_rivers_micro_b, reono_crystal_passage,
          minmay_the_grid_2x2 [minmay_the_grid_expand,
          minmay_the_grid_small_cups, minmay_the_grid_x,
          minmay_the_grid_prize_four_corners_diamond_b]
D:9:      layout_rooms, marbit_many_paths, mainiacjoe_overflow_six_doors_small
D:10:     layout_small_grid, serial_shops, shop_statue, serial_bayou_lagoon_a
D:11:     layout_small_grid, kennysheep_orc_monster_closet_entryway
D:12:     layout_roguey, grunt_ministairs_11
D:13:     layout_small_grid, serial_ice, serial_ice_n, serial_ice_i,
          serial_ice_b, serial_ice_d, portal_ice_cave_entry_pillars_1
D:14:     layout_basic, erik_vaults_1, serial_shops, nicolae_shop_trees,
          nrook_mini_vaults, minivault_24, uniq_frances
D:15:     grunt_enter_depths_magical_seal, layout_basic,
          lemuel_coloured_pillars_altar, uniq_kirke
Temple:   nicolae_temple_bog_church
Lair:1:   layout_cave_shapes, uniq_gastronok
Lair:2:   layout_chaotic_city, spider_nest_entry_a, basic_altar,
          lemuel_fruit_fields, uniq_erica
Lair:3:   layout_regular_city, swamp_mist, infiniplex_staircase_pool_2,
          grunt_megastairs_2, serial_bayou_shore_a
Lair:4:   gammafunk_worm_tunnel, layout_misc_corridors,
          kennysheep_abandoned_house, serial_bayou_shore_b, uniq_urug
Lair:5:   wormcave, layout_cave_pods, hangedman_lair_caniforms_friends,
          slime_entry_2, nicolae_volcano_entry_lava_flow,
          gauntlet_entry_generic, minmay_hedge_maze
Spider:1: layout_spider_delve
Orc:1:    layout_caves, serial_shops, nicolae_shop_bloodbath_and_beyond,
          uniq_jorgrun
Orc:2:    grunt_orc_tribal_feast, layout_diamond_mine, serial_shops, shop,
          kennysheep_orc_chapel

Skill      XL: |  1  2  3  4  5  6  7  8  9 10 11 12 13 14 15 |
---------------+----------------------------------------------+-----
Fighting       | 1 2 3 4 7 8 9 10 11 12 | 12.7
Spellcasting   | 3 4 6 7 9 10 11 12 | 12.2
Stealth        | 2 3 4 |  4.0
Dodging        | 2 3 4 5 6 |  6.0
Necromancy     | 5 6 7 8 10 11 12 13 15 | 15.9
Evocations     | 1 2 4 5 6 |  6.0
Hexes          | 4 5 6 7 8 9 |  9.1
Armour         | 2 3 4 |  4.0
Shields        | 2 4 |  4.0
Earth Magic    | 1 3 4 6 7 |  7.1
Staves         | 1 2 4 5 |  5.6
Summonings     | 2 |  2.3

Action                   |  1- 3 |  4- 6 |  7- 9 | 10-12 | 13-15 | 16-18 || total
-------------------------+-------+-------+-------+-------+-------+-------++-------
Melee: War axe           |    25 |       |       |       |       |       ||    25
       Dagger            |     7 |       |       |       |       |       ||     7
       Hand axe          |     1 |    46 |     5 |       |       |       ||    52
       Punch             |       |     1 |       |     4 |       |       ||     5
       Flail             |       |       |    91 |   212 |   259 |       ||   562
       Staff             |       |       |       |       |    19 |     7 ||    26
Throw: Dart              |       |     1 |       |       |       |       ||     1
 Cast: Necrotise         |    48 |    80 |    95 |    26 |       |       ||   249
       Vampiric Draining |       |     8 |    60 |    79 |     6 |       ||   153
       Dispel Undead     |       |     1 |    12 |     8 |     3 |     5 ||    29
       Animate Dead      |       |       |     6 |    17 |    26 |     2 ||    51
       Anguish           |       |       |     4 |   104 |   218 |     9 ||   335
       Death Channel     |       |       |       |    13 |    39 |     3 ||    55
       Borgnjor's Vile C |       |       |       |    18 |   102 |     8 ||   128
Invok: Unearth Wretches  |       |       |     1 |     1 |     7 |     2 ||    11
       Receive Forbidden |       |       |       |       |     1 |       ||     1
Evoke: Lightning rod     |       |     3 |     1 |     2 |       |       ||     6
       Wand              |       |       |     4 |     1 |       |       ||     5
  Use: Scroll            |     3 |     5 |     7 |     7 |     2 |       ||    24
 Stab: Sleeping          |     2 |     2 |     5 |       |     1 |       ||    10
       Distracted        |       |       |       |     1 |     5 |       ||     6
Armor: Robe              |     7 |    24 |    37 |   111 |   172 |    17 ||   368
       Leather armour    |       |       |       |       |    31 |       ||    31
Dodge: Dodged            |    20 |    67 |   195 |   379 |   378 |    16 ||  1055
Block: Buckler           |       |       |       |       |    57 |     7 ||    64

Table legend: (Time is in decaauts)
 A = Elapsed time spent in this place.
 B = Non-inter-level travel time spent in this place.
 C = Inter-level travel time spent in this place.
 D = Time resting spent in this place.
 E = Time spent auto-exploring this place.
 F = Levels seen in this place.
 G = Mean time per level.
                   A        B        C        D        E       F      G
               +--------+--------+--------+--------+--------+-----+--------+
         Total |  30314 |  28075 |   2239 |   4069 |  18395 |  28 | 1082.6 |
       Dungeon |  16886 |  15366 |   1520 |   1463 |  10992 |  15 | 1125.7 |
        Temple |    217 |    182 |     35 |      0 |    171 |   1 |  217.0 |
          Lair |   8031 |   7515 |    516 |   1309 |   4931 |   5 | 1606.2 |
   Spider Nest |      4 |      4 |      0 |      0 |      0 |   1 |    4.0 |
  Orcish Mines |   2160 |   1993 |    167 |      4 |   1633 |   2 | 1080.0 |
        Bailey |    981 |    981 |      0 |    758 |     22 |   1 |  981.0 |
      Ice Cave |    926 |    926 |      0 |    270 |    316 |   1 |  926.0 |
       Volcano |    591 |    591 |      0 |    265 |      0 |   1 |  591.0 |
      Gauntlet |    514 |    514 |      0 |      0 |    328 |   1 |  514.0 |
               +--------+--------+--------+--------+--------+-----+--------+

Top non-repeatable levels by time:
  Lair:5: 2918 daAuts
     D:8: 1740 daAuts
  Lair:3: 1621 daAuts
     D:1: 1600 daAuts
    D:11: 1479 daAuts
   Orc:2: 1455 daAuts
  Lair:4: 1411 daAuts
    D:10: 1368 daAuts
     D:6: 1303 daAuts
    D:15: 1300 daAuts
     D:3: 1296 daAuts
     D:7: 1226 daAuts
  Lair:1: 1120 daAuts
     D:4: 1035 daAuts
    D:14: 1001 daAuts
